 Dungeon Crawl Stone Soup version 0.28.0 (webtiles) character file.

Game seed: 12770430581260163154

57 Ayyar the Slasher (level 3, -3/28 HPs)
             Began as a Demonspawn Gladiator on Apr 8, 2022.
             Killed from afar by an orc wizard (4 damage)
             ... with a magic dart
             ... on level 2 of the Dungeon.
             The game lasted 00:02:38 (1644 turns).

Ayyar the Slasher (Demonspawn Gladiator)            Turns: 1644, Time: 00:02:38

Health: -3/28      AC:  6    Str: 16    XL:     3   Next: 73%
Magic:  3/3        EV: 13    Int:  9    God:
Gold:   49         SH:  0    Dex: 14    Spells: 2/2 levels left

rFire   . . .      SeeInvis .   a - +0 long sword
rCold   . . .      Faith    .   (no shield)
rNeg    . . .      Spirit   .   e - +0 ring mail
rPois   .          Reflect  .   c - +0 helmet
rElec   .          Harm     .   (no cloak)
rCorr   .          Rampage  .   (no gloves)
Will    .....                   (no boots)
Stlth   +.........              f - amulet of magic regeneration
HPRegen 0.09/turn               (no ring)
MPRegen 0.48/turn               (no ring)

@: no status effects
A: hooves 1, repulsion field 1
a: no special abilities


You were on level 2 of the Dungeon.
You visited 1 branch of the dungeon, and saw 2 of its levels.

You collected 49 gold pieces.

Inventory:

Hand Weapons
 a - a +0 long sword (weapon)
Missiles
 d - 2 throwing nets (quivered)
Armour
 c - a +0 helmet (worn)
 e - a +0 ring mail (worn)
Jewellery
 f - an amulet of magic regeneration (around neck)
Scrolls
 b - a scroll of enchant armour {unknown}
 g - a scroll of fog {unknown}
 i - a scroll of identify {unknown}
Potions
 h - a potion of lignification {unknown}


   Skills:
 + Level 2.7 Fighting
 + Level 3.1 Long Blades
 + Level 2.3 Throwing
 + Level 3.1 Dodging


You had 2 spell levels left.
You didn't know any spells.
Your spell library was empty.

Dungeon Overview and Level Annotations

Branches:
Dungeon (2/15)

Altars:


Innate Abilities, Weirdness & Mutations

You have large cloven feet.
You are surrounded by a mild repulsion field. (EV +2)


Message History

The orc wizard casts a spell.
The orc wizard flickers and vanishes!
Deactivating autopickup; reactivate with Ctrl-A.
You miss something. Your kick misses something. Something barely misses you.
You completely miss something. Your kick misses something.
You hear some strange, mumbled words.
A magic dart appears from out of thin air!
The magic dart hits you!
You miss something. Your kick misses something.
Something hits you but does no damage. x2
You closely miss something. You kick something.
Something hits you but does no damage.
You barely miss something. Your kick misses something.
Your punch misses something. Something hits you but does no damage.
You hit something. Your kick misses something. Something hits you.
You miss something. Your kick misses something.
Something hits you but does no damage.
You closely miss something. Something hits you.
Something hits you but does no damage.
You miss something. Your kick misses something. Something hits you.
You hit something. Something hits you but does no damage.
You barely miss something. Something hits you but does no damage.
You closely miss something. Your kick misses something.
Something hits you but does no damage. Something hits you.
You miss something. Your kick misses something.
You hear some strange, mumbled words.
A magic dart appears from out of thin air!
The magic dart hits you.
* * * LOW HITPOINT WARNING * * *
You hit something. Your kick misses something.
You hear some strange, mumbled words.
Something tries to affect you, but you resist.
The orc priest miscasts a cantrip.
You hear some strange, mumbled words.
A puff of flame appears from out of thin air!
The puff of flame hits you.
* * * LOW HITPOINT WARNING * * *
A magic dart appears from out of thin air!
The magic dart hits you.
You die...

........# .#...#...#
o........##########
.....o...#........#
.....o...#........#
.#...#...#........#
...o.o...'.........
#..#########.##........#
#.....@..{oo##........#
##############........#
#........# #........#
########## #..... #.....
#..... #.....


You could see 2 orcs.

Vanquished Creatures
  An orc wizard (D:2)
  A dart slug (D:1)
  3 endoplasms (D:1)
  5 goblins (D:1)
  4 hobgoblins (D:1)
  3 kobolds (D:1)
  3 ball pythons
  4 bats
  A frilled lizard (D:1)
  2 rats (D:1)
27 creatures vanquished.

Notes
Turn   | Place    | Note
-------+----------+-------------------------------------------
     0 | D:1      | Ayyar the Demonspawn Gladiator began the quest for the Orb.
     0 | D:1      | Reached XP level 1. HP: 16/16 MP: 1/1
   304 | D:1      | Gained mutation: You have large cloven feet. [demonic
                  | ancestry]
   304 | D:1      | Reached XP level 2. HP: 22/22 MP: 2/2
  1082 | D:1      | Found a faded altar of an unknown god.
  1177 | D:1      | Gained mutation: You are surrounded by a mild repulsion
                  | field. (EV +2) [demonic ancestry]
  1177 | D:1      | Reached XP level 3. HP: 28/28 MP: 3/3
  1593 | D:2      | Noticed a scorpion
  1643 | D:2      | HP: 1/28 [something/puff of flame (6)]
  1644 | D:2      | Killed from afar by an orc wizard

Illustrated notes

Levels and vault maps discovered:
D:1:      sevenhm_arrival_forest_fort_small_3, layout_basic,
          ebering_ecumenical_altar_petrified
D:2:      cheibrodos_pilgrimage, layout_basic, serial_glass, glass_columns_a,
          glass_columns_c, minmay_quantized

Skill      XL: |  1  2 |
---------------+-------+-----
Throwing       | 2 |  2.3
Long Blades    | 3 |  3.1
Dodging        | 3 |  3.1
Fighting       | |  2.7

Action                   || total
-------------------------++-------
Melee: Long sword        ||    87
       Kick              ||    12
Throw: Throwing net      ||     1
Armor: Ring mail         ||    37
       Leather armour    ||     1
Dodge: Dodged            ||    38
